 Dungeon Crawl Stone Soup version 0.30.1-9-gdf580d7c3d (webtiles) character file.

Game seed: 17820009256099562290

4211 lonewolfV2 the Fighter (level 10, -12/94 (100) HPs)
             Began as a Minotaur Fighter on Oct 23, 2023.
             Was an Initiate of Dithmenos.
             Mangled by a wight
             ... wielding a +4 battleaxe
              (15 damage)
             ... on level 8 of the Dungeon.
             The game lasted 00:12:00 (8262 turns).

lonewolfV2 the Fighter (Minotaur Fighter)           Turns: 8262, Time: 00:12:00

HP:   -12/94 (100)  AC: 10    Str: 26    XL:     10   Next: 8%
MP:   18/18         EV:  8    Int:  5    God:    Dithmenos [......]
Gold: 456           SH:  8    Dex:  9    Spells: 9/9 levels left

rFire   + . .        a - +1 war axe
rCold   . . .        r - +0 kite shield
rNeg    . . .        b - +0 scale mail
rPois   .            (helmet restricted)
rElec   .            (no cloak)
rCorr   .            l - +1 pair of gloves
SInv    .            j - +0 pair of boots
Will    .....        (no amulet) Stlth
                     f - ring of protection from fire
HPRegen 0.35/turn    t - ring of magical power
MPRegen 0.16/turn

%: no passive effects
@: drained
A: horns 2, retaliatory headbutt
a: Renounce Religion


You were on level 8 of the Dungeon.
You worshipped Dithmenos.
Dithmenos was noncommittal.
You visited 2 branches of the dungeon, and saw 9 of its levels.
You also visited: Sewer.

You collected 456 gold pieces.

Inventory:

Hand Weapons
 a - a +1 war axe (weapon)
Missiles
 i - 3 throwing nets (quivered)
Armour
 b - a +0 scale mail (worn)
 j - a +0 pair of boots (worn)
 l - a +1 pair of gloves (worn)
 r - a +0 kite shield (worn)
Jewellery
 f - a ring of protection from fire (left hand)
 q - a ring of flight
 t - a ring of magical power (right hand)
 C - a ring of wizardry
Wands
 d - a wand of flame (27)
 n - a wand of digging (12)
 G - a wand of roots (8)
Scrolls
 o - 3 scrolls of amnesia
 y - 2 scrolls of enchant armour
 A - 3 scrolls of teleportation
 E - a scroll of enchant weapon
Potions
 c - a potion of haste {unknown}
 e - a potion of flight
 g - 4 potions of curing
 k - 2 potions of resistance
 m - 2 potions of brilliance
 p - 2 potions of degeneration
 s - a potion of berserk rage {unknown}
 u - a potion of lignification {unknown}
 v - a potion of cancellation {unknown}
 w - 3 potions of invisibility
 x - 2 potions of ambrosia
 z - 2 potions of mutation {unknown}
 B - a potion of might
 D - a potion of attraction {unknown}


   Skills:
 + Level 12.8 Fighting
 + Level 12.5 Axes
 - Level 3.6 Armour
 - Level 3.6 Shields


You had 9 spell levels left.
You didn't know any spells.
Your spell library contained the following spells:

 Spells                   Type           Power      Damage    Failure   Level
 Apportation              Tloc           0%         N/A       94%         1
 Necrotise                Necr           0%         1d4       94%         1
 Summon Small Mammal      Summ           0%         N/A       94%         1
 Cigotuvi's Dreadful Rot  Necr/Pois/Air  0%         N/A       98%         2
 Static Discharge         Conj/Air       0%         2-2/arc   98%         2
 Ignite Poison            Fire/Tmut/Pois 0%         N/A       100%        3
 Airstrike                Air            0%         2d(0-16)  100%        4
 Animate Armour           Summ/Erth      0%         N/A       100%        4
 Summon Lightning Spire   Summ/Air       0%         N/A       100%        4
 Blade Hands              Tmut           0%         N/A       100%        5
 Freezing Cloud           Conj/Ice/Air   0%         6-21      100%        5
 Iron Shot                Conj/Erth      0%         9d1       100%        6


Dungeon Overview and Level Annotations

Branches:
Dungeon (8/15)             Temple (1/1) D:7           Sewer (visited)
   Lair: D:8-11

Altars:
Ashenzari
Cheibriados
Dithmenos
Fedhas
Gozag
Hepliaklqana
Kikubaaqudgha
Makhleb
Nemelex Xobeh
Okawaru
Qazlal
Ru
Sif Muna
Trog
Uskayaw
Vehumet
Wu Jian
Xom
Yredelemnul
Zin
The Shining One


Innate Abilities, Weirdness & Mutations

You have a pair of horns on your head.
You reflexively headbutt those who attack you in melee.


Message History

The wight is engulfed in a cloud of scalding steam.
The wight hits you with a +0 mace.
Your life force feels restored.
A shadow imp comes into view.
You block the wight's attack. The wight attacks as you move away!
The wight hits you with a +4 battleaxe!
You feel drained. You block the wight's attack.
The wight hits you with a +0 mace.
Things that are here:
a +0 battleaxe; a +0 robe You slash the wight!
You headbutt the wight, but do no damage.
The wight is heavily damaged.
You hit the wight but do no damage. x2
The wight hits you with a +4 great sword of freezing!
The wight freezes you! The wight hits you with a +0 mace.
The wight hits you with a +4 battleaxe.
You feel drained.
You hit the wight but do no damage.
The wight is heavily damaged.
You closely miss the wight. You slash the wight! You block the wight's attack.
The wight hits you with a +4 battleaxe!
* * * LOW HITPOINT WARNING * * *
The wight hits you but does no damage.
You completely miss the wight. Your headbutt misses the wight.
The wight is lightly damaged.
You hit the wight. You closely miss the wight.
The wight hits you with a +4 great sword of freezing!
* * * LOW HITPOINT WARNING * * *
The wight freezes you.
* * * LOW HITPOINT WARNING * * *
You block the wight's attack. The wight closely misses you.
You feel much better.
The wight hits you with a +4 great sword of freezing!
* * * LOW HITPOINT WARNING * * *
You feel drained.
* * * LOW HITPOINT WARNING * * *
The wight freezes you.
* * * LOW HITPOINT WARNING * * *
The wight hits you with a +4 battleaxe!
You die...

###
#######.#########
#................
######.<#.##########
#..#.#z@z.$....
#.....z#.......
#....###.######
#..... .. #......
### #.......
..........
###.5....###
...##+#.


You could see 3 wights.

Vanquished Creatures
  Pikel (D:7)
  A hornet (D:7)
  Grinder (Sewer)
  Eustachio (D:4)
  Sigmund (D:4)
  2 steam dragons
  A water moccasin (D:6)
  Duvessa (D:4)
  3 black bears
  2 orc warriors (D:7)
  An ogre (D:6)
  A centaur (D:7)
  4 lemures (D:7)
  A phantom (D:6)
  A kobold brigand (Sewer)
  A bullfrog (D:6)
  A necrophage (Sewer)
  2 scorpions (D:5)
  3 wights
  Dowan (D:4)
  5 killer bees (D:6)
  A jelly (D:4)
  8 hounds
  3 orc priests (D:7)
  Crazy Yiuf (D:7)
  Jessica (D:2)
  Ijyb (D:4)
  4 iguanas
  Natasha (thrice) (D:2)
  4 orc wizards
  A hound skeleton (D:3)
  Robin (D:3)
  13 adders
  11 gnolls
  2 river rats (D:6)
  A shadow imp (Sewer)
  A white imp (D:5)
  4 ufetubi (Sewer)
  3 dart slugs
  6 worms
  12 orcs
  7 bats
  A bat zombie (Sewer)
  7 endoplasms
  3 giant cockroaches
  12 goblins
  8 hobgoblins
  4 jackals (D:4)
  19 kobolds
  4 quokkas
  8 ball pythons
  A ball python zombie (D:3)
  4 frilled lizards
  A giant cockroach zombie (Sewer)
  A jackal skeleton (D:3)
  2 kobold zombies (Sewer)
  A quokka skeleton (D:3)
  13 rats
  A spectral orc (D:7)
213 creatures vanquished.

Notes
Turn   | Place    | Note
-------+----------+-------------------------------------------
     0 | D:1      | lonewolfV2 the Minotaur Fighter began the quest for the
                  | Orb.
     0 | D:1      | Reached XP level 1. HP: 19/19 MP: 0/0
     6 | D:1      | Noticed a water moccasin
     6 | D:1      | Noticed a black bear
     7 | D:1      | Noticed a swamp drake
   264 | D:1      | Reached XP level 2. HP: 27/27 MP: 1/1
  1045 | D:2      | Found a faded altar of an unknown god.
  1215 | D:2      | Noticed Natasha
  1225 | D:2      | Reached XP level 3. HP: 25/34 MP: 2/2
  1233 | D:2      | Killed Natasha
  1294 | D:2      | Noticed Natasha
  1298 | D:2      | Killed Natasha
  1299 | D:2      | Reached skill level 5 in Fighting
  1299 | D:2      | Reached XP level 4. HP: 36/42 MP: 3/3
  1300 | D:2      | Noticed Natasha
  1305 | D:2      | Killed Natasha
  1390 | D:2      | Reached XP level 5. HP: 27/48 MP: 4/4
  2136 | D:2      | Noticed Jessica
  2146 | D:2      | Killed Jessica
  2147 | D:2      | Reached skill level 5 in Axes
  2452 | D:3      | Noticed Robin
  2467 | D:3      | Killed Robin
  3027 | D:4      | Reached XP level 6. HP: 58/58 MP: 5/5
  3081 | D:4      | Noticed Eustachio
  3104 | D:4      | Killed Eustachio
  3481 | D:4      | Noticed Dowan
  3481 | D:4      | Noticed Duvessa
  3489 | D:4      | Killed Duvessa
  3490 | D:4      | Reached XP level 7. HP: 53/66 MP: 5/6
  3496 | D:4      | Killed Dowan
  3605 | D:4      | Noticed Sigmund
  3610 | D:4      | Killed Sigmund
  3719 | D:4      | Noticed Ijyb
  3729 | D:4      | Killed Ijyb
  3770 | D:5      | Entered Level 5 of the Dungeon
  3912 | D:5      | Reached XP level 8. HP: 53/75 MP: 7/7
  4840 | D:6      | Found a glowing drain.
  4968 | Sewer    | Entered a sewer
  5058 | Sewer    | Found an ancient bone altar of Kikubaaqudgha.
  5165 | Sewer    | Noticed Grinder
  5185 | Sewer    | Killed Grinder
  5186 | Sewer    | Reached skill level 10 in Fighting
  5432 | D:6      | Reached skill level 10 in Axes
  5554 | D:6      | Reached XP level 9. HP: 45/86 MP: 8/8
  5840 | D:6      | Found a hide-covered altar of Uskayaw.
  6764 | D:7      | Noticed Pikel
  6770 | D:7      | Killed Pikel
  7156 | D:7      | Found a staircase to the Ecumenical Temple.
  7270 | Temple   | Entered the Ecumenical Temple
  7372 | Temple   | Became a worshipper of Dithmenos the Shadowed
  7434 | D:7      | Found an ancient bone altar of Kikubaaqudgha.
  7929 | D:7      | Found a runed translucent door.
  7930 | D:7      | Noticed Crazy Yiuf
  7934 | D:7      | Killed Crazy Yiuf
  7959 | D:7      | Found a basalt altar of Yredelemnul.
  8078 | D:7      | Reached XP level 10. HP: 82/100 MP: 9/9
  8262 | D:8      | HP: 3/94 [wight/+4 great sword of freezing (3)]
  8262 | D:8      | Mangled by a wight

Illustrated notes

Levels and vault maps discovered:
D:1:      onia_arrival_zoo_common, layout_loops_corners, minmay_tromino_i4
D:2:      layout_loops_corners, hellmonk_ecumenical_altar_arch_garden,
          uniq_jessica, uniq_natasha
D:3:      layout_rooms, serial_undead, serial_undead_f, serial_undead_c,
          serial_undead_d, serial_undead_c, uniq_robin
D:4:      layout_loops_ring, uniq_eustachio, uniq_duvessa, uniq_sigmund,
          uniq_ijyb
D:5:      layout_basic
D:6:      layout_basic, lemuel_doored_altar, portal_sewer_entry_a,
          nicolae_benzene_ring
D:7:      layout_basic, yredelemnul_forgotten_temple_becter,
          kiku_gazebo_pond_becter, minmay_temple_entry_mist,
          dreamdust_princess_bridge, minivault_23, corexii_hall_statues_t,
          dreamdust_gnoll_farm, uniq_pikel, uniq_crazy_yiuf_cottage
D:8:      layout_basic, serial_corexii_hall, corexii_hall_statues_i,
          chequers_hall_statues_y, uniq_erica
Temple:   nicolae_temple_bog_church

Skill      XL: |  1  2  3  4  5  6  7  8  9 |
---------------+----------------------------+-----
Fighting       | 4 5 6 7 8 10 12 | 12.8
Axes           | 3 4 5 6 8 10 12 | 12.5
Armour         | |  3.6
Shields        | |  3.6

Action                     |  1- 3 |  4- 6 |  7- 9 | 10-12 || total
---------------------------+-------+-------+-------+-------++-------
  Melee: War axe           |    47 |   115 |   288 |    14 ||   464
         Headbutt          |     5 |    18 |    52 |     2 ||    77
    Use: Scroll            |     5 |     6 |     7 |     1 ||    19
         Potion            |       |     2 |     6 |     1 ||     9
 Armour: Scale mail        |    23 |    64 |   185 |     4 ||   276
  Dodge: Dodged            |    25 |    68 |   124 |     4 ||   221
  Block: Buckler           |    10 |    26 |     7 |       ||    43
         Kite shield       |       |       |   160 |     9 ||   169
